 Dungeon Crawl Stone Soup version 0.27-a0-1278-g6cbc8dfb29 (webtiles) character file.

Game seed: 4950112137119532301

96 deletemesenpai the Chopper (level 4, -5/40 HPs)
             Began as a Hill Orc Fighter on June 12, 2021.
             Slain by Sigmund (8 damage)
             ... on level 3 of the Dungeon.
             The game lasted 00:07:56 (2578 turns).

deletemesenpai the Chopper (Hill Orc Fighter)       Turns: 2578, Time: 00:07:57

Health: -5/40      AC:  8    Str: 25    XL:     4   Next: 67%
Magic:  4/4        EV:  7    Int:  8    God:
Gold:   121        SH: 10    Dex: 10    Spells: 3/3 levels left

rFire    . . .     SeeInvis .   a - +0 war axe
rCold    . . .     Faith    .   c - +0 kite shield
rNeg     . . .     Spirit   .   b - +0 scale mail
rPois    .         Reflect  .   (no helmet)
rElec    .         Harm     .   (no cloak)
rCorr    .         Rampage  .   k - +0 pair of gloves
Will     .....                  (no boots)
Stlth    ..........             (no amulet)
HPRegen  0.13/turn              g - +6 ring of strength
MPRegen  0.09/turn              (no ring)

@: mighty
A: no striking features
a: no special abilities


You were on level 3 of the Dungeon.
You visited 1 branch of the dungeon, and saw 3 of its levels.

You collected 121 gold pieces.

Inventory:

Hand Weapons
 a - a +0 war axe (weapon)
 p - a +0 short sword
Missiles
 r - 6 poisoned darts (quivered)
Armour
 b - a +0 scale mail (worn)
 c - a +0 kite shield (worn)
 k - a +0 pair of gloves (worn)
Jewellery
 f - an amulet of guardian spirit
 g - a +6 ring of strength (left hand)
 o - a ring of wizardry
Scrolls
 e - a scroll of teleportation {unknown}
 h - a scroll of enchant weapon {unknown}
 i - 3 scrolls of noise {unknown}
 l - 2 scrolls of identify {unknown}
 m - a scroll of blinking {unknown}
Potions
 j - 3 potions of flight {unknown}
 n - a potion of brilliance {unknown}
 q - a potion of mutation {unknown}
 s - a potion of curing
 t - a potion of degeneration {unknown}


   Skills:
 + Level 4.2 Fighting
 + Level 4.3 Axes
 + Level 4.0 Armour
 + Level 4.0 Shields


You had 3 spell levels left.
You didn't know any spells.
Your spell library was empty.

Dungeon Overview and Level Annotations

Branches:
Dungeon (3/15)

Altars:
Kikubaaqudgha
Qazlal

Annotations:
D:3 Sigmund


Message History

Sigmund casts a spell at you. You resist with some effort.
You miss Sigmund.
Sigmund is lightly wounded.
Sigmund closely misses you. Sigmund barely misses you.
You feel very mighty all of a sudden. Sigmund hits you but does no damage.
Your shield prevents you from hitting Sigmund.
Sigmund is lightly wounded.
Sigmund says, "Your kind have come here before.
I understand now why.
You desire death..."
Sigmund hits you with a +0 scythe!
You completely miss Sigmund.
Sigmund is lightly wounded.
Sigmund gestures at you while chanting.
You are more confused.
Sigmund hits you but does no damage.
You miss Sigmund.
Sigmund is lightly wounded.
Sigmund hits you with a +0 scythe.
You're too confused to move!
Sigmund barely misses you.
You closely miss Sigmund.
Sigmund is lightly wounded.
Sigmund hits you but does no damage. Sigmund hits you with a +0 scythe.
* * * LOW HITPOINT WARNING * * *
You slash Sigmund!
Sigmund is heavily wounded.
Sigmund barely misses you.
You barely miss Sigmund.
Sigmund is heavily wounded.
Sigmund barely misses you. Sigmund hits you with a +0 scythe.
* * * LOW HITPOINT WARNING * * *
You bump into the rock wall.
You feel less confused. You block Sigmund's attack.
You barely miss Sigmund.
Sigmund is heavily wounded.
Sigmund hits you with a +0 scythe!
* * * LOW HITPOINT WARNING * * *
Sigmund hits you with a +0 scythe!
You die...

.. .......#
...###...#.(#
...... ..# ...#
##.## #
###.###...# #+
#.#...((....# #.
#.#.#.###...#
####.####..(@.#
#####
.......####@###
#####.##....# #(#
#<..........####.#
#.###.##.........#
#.###.##..#.######
..........#..##
#...#.##......#
#.............#
##.####.####..#


You could see Sigmund.

Vanquished Creatures
  3 adders
  3 worms
  An orc (D:3)
  4 endoplasms
  2 giant cockroaches
  2 goblins
  3 hobgoblins
  15 jackals
  2 ball pythons (D:1)
  9 bats
  4 frilled lizards
  4 kobolds
  5 rats
57 creatures vanquished.

Notes
Turn   | Place    | Note
-------+----------+-------------------------------------------
     0 | D:1      | deletemesenpai the Hill Orc Fighter began the quest for the
                  | Orb.
     0 | D:1      | Reached XP level 1. HP: 19/19 MP: 1/1
   249 | D:1      | Reached XP level 2. HP: 27/27 MP: 2/2
   850 | D:1      | Reached XP level 3. HP: 33/33 MP: 3/3
  1261 | D:2      | Found a stormy altar of Qazlal.
  1742 | D:2      | Reached XP level 4. HP: 37/40 MP: 4/4
  2081 | D:3      | Found an ancient bone altar of Kikubaaqudgha.
  2543 | D:3      | Noticed Sigmund
  2578 | D:3      | Slain by Sigmund

Illustrated notes

Levels and vault maps discovered:
D:1:      psy_arrival_fountain, layout_loops_corners
D:2:      layout_loops_cross, basic_altar
D:3:      layout_loops_corners, old_standard_altar, uniq_sigmund

Skill      XL: |  1  2  3  4 |
---------------+-------------+-----
Axes           | 3 4 |  4.3
Fighting       | 4 |  4.2
Shields        | 4 |  4.0
Armour         | 4 |  4.0

Action                   |  1- 3 |  4- 6 || total
-------------------------+-------+-------++-------
Melee: War axe           |   120 |    51 ||   171
Throw: Dart              |       |     8 ||     8
  Use: Potion            |       |     1 ||     1
Armor: Scale mail        |    91 |    38 ||   129
Dodge: Dodged            |    59 |    34 ||    93
Block: Kite shield       |    82 |    28 ||   110

Table legend: (Time is in decaauts)
 A = Elapsed time spent in this place.
 B = Non-inter-level travel time spent in this place.
 C = Inter-level travel time spent in this place.
 D = Time resting spent in this place.
 E = Time spent auto-exploring this place.
 F = Levels seen in this place.
 G = Mean time per level.
                   A        B        C        D        E       F      G
               +--------+--------+--------+--------+--------+-----+--------+
         Total |   2673 |   2624 |     49 |    104 |   1909 |   3 |  891.0 |
       Dungeon |   2673 |   2624 |     49 |    104 |   1909 |   3 |  891.0 |
               +--------+--------+--------+--------+--------+-----+--------+

Top non-repeatable levels by time:
     D:1: 1277 daAuts
     D:2: 851 daAuts
     D:3: 544 daAuts
